AoeStats
← SeemsFishy

Arena

507115008Analyzed
4v4 RM · 15d ago on Sep 16, 2026· 37m 14s· 8 players
Game mode
Random Map
Map size
Large (8 player)
Population
200
Speed
Normal
Resources
Standard
Victory
Conquest
Starting age
Dark Age
Ending age
Imperial Age
RankedLock teamsTeams togetherTeam positionsShared explorationLock speedFull tech treeHidden civsTurbo modeCheats
Victory
Defeat
🇩🇪 Tatars · Germany
1389
+15
🇬🇧 Hindustanis · United Kingdom
1368
+16
🇲🇩 Spanish · Moldova
1352
+17
🇷🇺 Sicilians · Russia
1284
+19
🇹🇼 Teutons · Taiwan
1438
-19
🇯🇵 Persians · Japan
1435
-20
🇦🇷 Magyars · Argentina
1297
-14
🇺🇸 Portuguese · United States
1288
-14
SeemsFishy
10:43 Feudal Age
14:34 Castle Age
12:25 Double-Bit Axe
15:51 Bow Saw
15:24 Horse Collar
19:39 Wheelbarrow
19:21 Town Watch
19:21 Loom
19:14 Light Cavalry
20:13 Bloodlines
22:29 Hand Cart
22:31 Light Cavalry
24:17 Gold Mining
25:02 Husbandry
25:30 Scale Barding Armor
25:35 Forging
27:30 Husbandry
27:59 Chain Barding Armor
32:32 Imperial Age
30:54 Gold Shaft Mining
30:10 Stone Mining
31:54 Iron Casting
31:09 Fletching
33:30 Grand Trunk Road
33:02 Heavy Camel Rider
34:55 Plate Barding Armor
35:21 Blast Furnace
35:00 Masonry
34:56 Siege Engineers
37:31 Stone Shaft Mining
36:20 Imperial Camel Rider
软脚虾3号
6:32 Loom
8:52 Feudal Age
10:27 Fletching
15:36 Double-Bit Axe
16:39 Town Watch
16:37 Horse Collar
23:31 Castle Age
21:53 Gold Mining
23:20 Stone Mining
24:15 Bodkin Arrow
26:29 Heavy Plow
26:44 Bow Saw
27:44 Scale Barding Armor
30:21 Wheelbarrow
31:36 Hand Cart
31:27 Herbal Medicine
36:18 Imperial Age
34:20 Chain Barding Armor
34:41 Forging
34:43 Bloodlines
34:36 Husbandry
34:51 Padded Archer Armor
36:03 Ballistics
36:54 Silk Armor
37:13 Leather Archer Armor
37:50 Gold Shaft Mining
solo rankeding
11:14 Feudal Age
11:59 Double-Bit Axe
14:42 Castle Age
12:51 Horse Collar
16:08 Bow Saw
22:30 Wheelbarrow
23:31 Hand Cart
23:55 Gold Mining
25:09 Stone Mining
28:14 Imperial Age
26:32 Scale Barding Armor
26:37 Forging
27:16 Bloodlines
27:06 Husbandry
27:33 Chain Barding Armor
29:39 Plate Barding Armor
28:42 Cavalier
30:26 Iron Casting
31:19 Paladin
32:02 Loom
32:02 Town Watch
32:49 Heavy Plow
33:53 Two-Man Saw
34:58 Blast Furnace
34:13 Caravan
35:07 Fletching
36:20 Chemistry
35:41 Conscription
36:24 Town Patrol
Абэма
7:06 Loom
9:21 Feudal Age
10:08 Double-Bit Axe
10:05 Horse Collar
22:45 Castle Age
22:46 Wheelbarrow
24:16 Bow Saw
30:52 Hand Cart
34:52 Imperial Age
32:29 Scale Mail Armor
33:00 Forging
33:46 First Crusade
35:18 Chain Mail Armor
35:39 Iron Casting
35:16 Capped Ram
36:19 Conscription
36:32 Plate Mail Armor
36:41 Fletching
36:48 Crossbowman
TechnoKiller505
9:36 Loom
12:38 Feudal Age
16:47 Fletching
20:31 Wheelbarrow
23:07 Castle Age
22:45 Gold Mining
22:37 Horse Collar
23:48 Double-Bit Axe
27:07 Pikeman
31:36 Bow Saw
34:49 Stone Mining
藥膏
10:25 Feudal Age
10:26 Loom
15:22 Fletching
20:56 Castle Age
18:43 Double-Bit Axe
19:30 Horse Collar
22:14 Wheelbarrow
21:50 Bow Saw
21:42 Heavy Plow
31:25 Scale Mail Armor
31:35 Forging
34:39 Imperial Age
32:39 Chain Mail Armor
32:16 Gold Mining
32:17 Stone Mining
33:22 Iron Casting
36:44 Plate Mail Armor
elnegrovisioso
10:41 Feudal Age
15:58 Castle Age
15:05 Double-Bit Axe
17:21 Loom
17:23 Town Watch
18:14 Wheelbarrow
17:58 Fletching
19:05 Wheelbarrow
20:03 Bow Saw
27:03 Ballistics
26:50 Bodkin Arrow
27:10 Gold Mining
35:12 Imperial Age
33:32 Gold Shaft Mining
33:32 Hand Cart
35:05 Masonry
35:14 Husbandry
35:24 Bloodlines
36:25 Cavalier
36:30 Cavalier
37:19 Scale Barding Armor
37:16 Bracer
店小贰
10:49 Feudal Age
14:34 Castle Age
12:23 Double-Bit Axe
13:08 Horse Collar
15:17 Bow Saw
18:19 Loom
22:00 Wheelbarrow
22:04 Fletching
22:57 Padded Archer Armor
23:47 Husbandry
24:34 Ballistics
24:27 Bodkin Arrow
25:44 Bloodlines
25:54 Leather Archer Armor
26:32 Heavy Plow
30:34 Imperial Age
30:13 Cavalier
30:59 Scale Barding Armor
31:05 Forging
32:08 Chain Barding Armor
31:37 Savar
33:38 Plate Barding Armor
33:21 Hand Cart
35:03 Two-Man Saw
34:41 Iron Casting
34:33 Scale Mail Armor
33:59 Pikeman
34:39 Squires
34:25 Arson
34:41 Scale Mail Armor
37:35 Blast Furnace
Connection lost

Rejoining the realm…

Still unreachable

The connection could not be restored.

Session expired

The server has moved on; the page needs a fresh start.